Map: Abandoned Camp

Players

PlatinSlayer

  • Race: Zerg Zerg
  • League: Gold
  • Spawn Location: 11:00

magik

  • Race: Zerg Zerg
  • Spawn Location: 9:00

WolfTank

  • Race: Protoss Protoss
  • Spawn Location: 7:00

Metasapien

  • Race: Zerg Zerg
  • League: Platinum
  • Spawn Location: 3:00

Kswiss

  • Race: Protoss Protoss
  • Spawn Location: 5:00

samfurius

  • Race: Terran Terran
  • Spawn Location: 3:00

VOD

Have the link to the VOD?

Description

Time

  • Played on: Sept. 17, 2017, 6:45 p.m.
  • Length: 19:43
Show
View Real Time Build Order
Export as new Build Order

PlatinSlayer Zerg 

Build Orders: Pool First 

Get SALT Encoding   

  12  0:23  Spawning Pool  
  12  0:27  Drone x2  
  13  0:33  Drone  
  14  1:28  Overlord  
  14  2:17  Drone x2  
  16  3:41  Zergling x6  
  19  4:21  Drone x3, Extractor  
  21  4:25  Extractor  
  20  4:34  Overlord  
  20  6:10  Drone x3  
  23  8:59  Hatchery  
  22  9:27  Queen  
  24  10:13  Drone x2  
  24  10:14  Drone  
  27  10:16  Drone, Queen  
  30  10:52  Drone x2  
  30  10:53  Drone  
  30  10:54  Drone x2  
  30  10:55  Drone  
  36  11:30  Overlord x2  
  36  11:31  Overlord x3  
  36  11:44  Extractor  
  35  13:24  Drone x3, Extractor  
Show
View Real Time Build Order
Export as new Build Order

magik Zerg 

Build Orders: Pool First 

Get SALT Encoding   

  12  0:01  Drone  
  13  0:08  Drone  
  14  0:31  Drone, Extractor x2  
  14  0:32  Drone  
  14  0:34  Extractor  
  14  0:35  Drone  
  14  0:46  Drone, Extractor  
  16  0:55  Spawning Pool  
  16  1:22  Overlord x2  
  16  1:35  Hatchery  
  16  1:36  Evolution Chamber  
  14  1:42  Zergling x2  
  14  1:43  Zergling x2  
  14  1:44  Metabolic Boost  
  14  1:45  Queen  
  14  1:46  Zergling x2  
  19  2:02  Zergling x2  
  20  2:14  Zergling x2  
  21  2:23  Zergling x2  
  22  2:31  Pneumatized Carapace  
  22  2:37  Spore Crawler  
  22  2:39  Zergling x4  
  23  2:51  Zergling x4  
  23  2:54  Queen  
  26  3:04  Zergling x8  
  29  3:15  Zergling x2  
  29  3:16  Zergling x2  
  31  3:26  Zergling x4  
  30  3:41  Zergling x6  
  27  3:43  Queen  
  29  3:50  Zerg Melee Weapons Level 1  
  27  3:58  Zergling x6  
  30  4:04  Spine Crawler  
  30  4:05  Spine Crawler  
  28  4:11  Zergling x6  
  28  4:12  Zergling x8  
  33  4:35  Overlord x3  
  33  4:42  Zergling x4  
  29  4:56  Zergling x10  
  31  5:06  Zergling x2  
  23  5:22  Hatchery  
  22  5:43  Drone x6  
  28  5:56  Zerg Ground Armor Level 1  
  28  6:00  Baneling Nest  
  27  6:05  Drone  
  28  6:24  Zergling x8  
  30  6:42  Drone  
  30  6:43  Drone x2  
  33  6:48  Lair  
  33  6:50  Evolution Chamber  
  33  6:53  Zergling x4  
  34  7:09  Zergling x12  
  35  7:22  Zergling x2  
  35  7:23  Zergling x6  
  38  7:49  Overseer x3  
  38  7:53  Drone x3  
  38  7:54  Drone x3  
  38  7:57  Zerg Melee Weapons Level 2  
  44  7:59  Zerg Ground Armor Level 2  
  44  8:01  Centrifical Hooks  
  43  8:35  Drone x6  
  49  8:45  Infestation Pit, Extractor  
  49  8:46  Extractor  
  49  8:47  Extractor  
  33  9:03  Zergling x6  
  33  9:04  Zergling x6  
  39  9:17  Drone x2  
  39  9:18  Drone x4  
  45  9:36  Hive  
  45  9:59  Drone x3  
  49  10:00  Drone x6  
  54  10:19  Hatchery  
  53  10:35  Overlord x2  
  53  10:36  Overlord x3  
  53  10:45  Zergling x10  
  53  10:46  Zergling x2  
  60  11:11  Zergling x10  
  60  11:12  Zergling x2  
  60  11:17  Zerg Melee Weapons Level 3  
  60  11:18  Zerg Ground Armor Level 3  
  65  11:19  Adrenal Glands  
  65  11:23  Ultralisk Cavern  
  64  11:36  Zergling x8  
  64  11:37  Zergling x2  
  68  12:12  Ultralisk x5  
  91  12:28  Zergling x8  
  79  12:33  Zergling x2  
  79  12:34  Zergling x2  
  79  12:35  Zergling x4  
  79  12:36  Zergling x6  
  85  12:55  Zergling x2  
  85  12:56  Zergling x6  
  73  13:10  Overseer x2  
  73  13:12  Chitinous Plating  
  73  13:36  Zergling x6  
  73  13:37  Overlord  
  73  13:38  Overlord x2  
  76  13:43  Hatchery  
  75  13:56  Hatchery  
  75  14:01  Ultralisk  
  75  14:02  Ultralisk x3  
  98  14:13  Baneling  
  98  14:14  Baneling x4  
  98  14:33  Overlord x2  
  98  14:34  Overlord x5  
  93  15:05  Ultralisk  
  93  15:06  Ultralisk  
  104  15:08  Zergling x10  
  104  15:09  Zergling x4  
  111  15:16  Extractor x2  
  111  15:19  Pathogen Glands  
  109  15:24  Overseer  
  109  15:26  Overseer x3  
  108  15:54  Infestor x7  
  108  15:55  Infestor x4  
  130  16:09  Drone x3  
  130  16:10  Drone x3  
  124  16:51  Zergling x4  
  124  16:52  Zergling x14  
  124  16:53  Zergling x2  
  123  17:01  Zergling x4  
  119  17:06  Zergling x2  
  119  17:07  Zergling x12  
  126  17:13  Baneling x2  
  126  17:14  Baneling x6  
  126  17:15  Baneling x4  
  126  17:16  Zergling x4  
  128  17:25  Zergling x2  
  128  17:26  Zergling x10  
  126  17:40  Hatchery  
  112  17:57  Drone x5  
  112  17:58  Drone x7  
  119  17:59  Drone x4  
  119  18:05  Zergling x4  
  127  18:29  Zergling x4  
  127  18:30  Zergling x14  
  134  18:57  Ultralisk x5  
  134  19:00  Overlord x4  
  134  19:01  Overlord x5  
Show
View Real Time Build Order
Export as new Build Order

WolfTank Protoss 

Build Orders: 1 Gate Expand, Forge Fast Expand (FFE) 

Get SALT Encoding   

  12  0:12  Pylon  
  12  0:16  Probe (Chrono Boost)  
  13  0:27  Probe (Chrono Boost)  
  14  0:36  Forge  
  14  0:38  Probe (Chrono Boost)  
  15  0:48  Gateway  
  15  0:55  Pylon  
  15  0:58  Probe (Chrono Boost)  
  16  1:04  Pylon  
  16  1:18  Pylon  
  16  1:39  Nexus  
  15  1:47  Photon Cannon  
  15  1:50  Photon Cannon  
  15  1:52  Probe (Chrono Boost)  
  16  2:08  Probe (Chrono Boost)  
  17  2:15  Photon Cannon  
  17  2:16  Photon Cannon  
  17  2:19  Probe (Chrono Boost)  
  18  2:25  Assimilator  
  18  2:29  Assimilator  
  18  2:34  Cybernetics Core  
  19  2:44  Probe (Chrono Boost)  
  19  2:56  Probe x2 (Chrono Boost)  
  19  2:57  Photon Cannon  
  21  3:01  Zealot  
  23  3:07  Probe (Chrono Boost)  
  23  3:10  Pylon  
  24  3:17  Probe (Chrono Boost)  
  25  3:20  Gateway  
  25  3:21  Probe (Chrono Boost)  
  25  3:22  Pylon  
  26  3:28  Probe (Chrono Boost)  
  27  3:36  Photon Cannon  
  27  3:47  Probe x2 (Chrono Boost)  
  29  3:53  Zealot  
  31  3:57  Probe x2 (Chrono Boost)  
  31  3:59  Gateway  
  33  4:04  Pylon  
  33  4:11  Pylon  
  33  4:14  Probe (Chrono Boost), Assimilator  
  33  4:15  Probe (Chrono Boost)  
  35  4:19  Assimilator  
  35  4:39  Probe x2 (Chrono Boost)  
  37  4:50  Stargate  
  37  4:52  Stargate  
  37  4:53  Stargate  
  37  4:54  Stargate  
  37  4:58  Pylon  
  37  5:01  Pylon  
  37  5:17  Pylon  
  37  5:19  Photon Cannon  
  37  5:20  Photon Cannon  
  37  5:24  Probe x2 (Chrono Boost)  
  39  5:34  Probe (Chrono Boost)  
  39  5:35  Probe (Chrono Boost)  
  43  5:43  Phoenix x2 (Chrono Boost)  
  43  5:46  Phoenix (Chrono Boost)  
  49  5:58  Protoss Air Weapons Level 1, Phoenix (Chrono Boost)  
  49  6:05  Phoenix (Chrono Boost)  
  49  6:07  Probe x2  
  53  6:16  Phoenix (Chrono Boost)  
  55  6:24  Phoenix (Chrono Boost)  
  59  6:29  Phoenix x2 (Chrono Boost)  
  61  6:41  Pylon  
  61  6:47  Pylon  
  61  6:50  Phoenix (Chrono Boost)  
  61  6:51  Photon Cannon  
  65  6:54  Phoenix (Chrono Boost)  
  65  6:59  Photon Cannon  
  65  7:02  Photon Cannon  
  71  7:15  Phoenix x2 (Chrono Boost)  
  71  7:19  Phoenix (Chrono Boost)  
  73  7:24  Phoenix (Chrono Boost)  
  75  7:37  Phoenix x2 (Chrono Boost)  
  77  7:48  Photon Cannon  
  77  7:49  Protoss Air Armor Level 1  
  81  7:52  Phoenix x2 (Chrono Boost)  
  81  7:53  Zealot x2  
  81  7:55  Zealot  
  87  8:06  Phoenix (Chrono Boost)  
  89  8:14  Protoss Shields Level 1 (Chrono Boost)  
  89  8:24  Pylon, Fleet Beacon  
  83  8:55  Phoenix x2  
  81  9:26  Carrier x2 (Chrono Boost)  
  99  9:39  Carrier (Chrono Boost)  
  99  9:40  Photon Cannon  
  99  9:41  Photon Cannon  
  99  9:43  Photon Cannon  
  89  10:33  Carrier (Chrono Boost)  
  85  10:38  Graviton Catapult  
  91  10:43  Carrier (Chrono Boost)  
  91  10:54  Nexus  
  91  10:55  Pylon  
  91  10:56  Tempest (Chrono Boost)  
  103  11:00  Pylon  
  103  11:02  Tempest (Chrono Boost)  
  103  11:12  Zealot x3  
  103  11:15  Protoss Ground Weapons Level 1  
  103  11:17  Pylon  
  109  11:26  Twilight Council, Cybernetics Core  
  109  11:29  Pylon  
  109  11:32  Photon Cannon  
  109  11:53  Robotics Facility  
  109  11:57  Pylon  
  109  12:00  Pylon  
  109  12:02  Stargate  
  109  12:04  Charge  
  109  12:05  Protoss Air Weapons Level 2  
  65  12:59  Void Ray (Chrono Boost)  
  65  13:00  Void Ray x2 (Chrono Boost)  
  65  13:01  Void Ray (Chrono Boost)  
  65  13:11  Void Ray (Chrono Boost)  
  70  13:12  Observer  
  70  13:14  Zealot x3  
  70  13:18  Assimilator  
  70  13:19  Probe  
  78  13:20  Probe  
  78  13:23  Assimilator  
  78  13:29  Protoss Air Armor Level 2 (Chrono Boost)  
  78  13:33  Probe  
  80  13:34  Probe, Observer  
  80  13:35  Probe  
  82  13:42  Void Ray (Chrono Boost)  
  82  13:45  Probe  
  87  13:52  Void Ray x2 (Chrono Boost)  
  95  13:57  Probe  
  95  14:01  Probe x2  
  98  14:08  Void Ray (Chrono Boost)  
  102  14:14  Void Ray (Chrono Boost)  
  102  14:17  Void Ray (Chrono Boost)  
  110  14:27  Void Ray (Chrono Boost)  
  110  14:31  Void Ray (Chrono Boost)  
  118  14:46  Void Ray  
  122  14:54  Void Ray  
  122  14:59  Void Ray  
  126  15:03  Void Ray  
  134  15:21  Void Ray  
  138  15:29  Void Ray  
  130  15:37  Void Ray x2  
  130  15:40  Void Ray  
  138  15:57  Protoss Air Weapons Level 3 (Chrono Boost)  
  138  16:17  Void Ray x2  
  146  16:19  Protoss Air Armor Level 3 (Chrono Boost)  
  146  16:26  Void Ray x2  
  126  17:45  Void Ray  
  126  17:46  Void Ray  
  122  17:51  Void Ray x3  
  142  18:23  Void Ray x2  
  150  18:34  Void Ray x2  
  150  18:38  Void Ray  
  162  19:02  Phoenix  
Show
View Real Time Build Order
Export as new Build Order

Metasapien Zerg 

Build Orders: Pool First 

Get SALT Encoding   

  12  0:02  Drone  
  13  0:25  Extractor  
  13  0:26  Spawning Pool  
  11  0:29  Drone  
  11  0:35  Drone  
  13  0:42  Overlord  
  13  0:50  Drone  
  14  1:18  Drone x3  
  17  1:28  Hatchery  
  16  1:40  Drone  
  16  1:41  Drone  
  18  1:55  Drone  
  19  2:08  Metabolic Boost  
  19  2:11  Hatchery  
  19  2:14  Zergling x2  
  19  2:16  Zergling x2  
  20  2:26  Spine Crawler  
  20  2:27  Zergling x2  
  20  2:35  Overlord  
  20  2:45  Zergling x4  
  22  2:53  Drone  
  22  2:56  Drone  
  24  3:03  Zergling x2  
  25  3:08  Zergling x2  
  23  3:16  Zergling x4  
  25  3:25  Zergling x4  
  27  3:27  Queen  
  30  3:34  Drone x3  
  32  3:53  Zergling x2  
  32  3:54  Zergling x6  
  32  4:00  Zergling x4  
  32  4:01  Zergling x2  
  35  4:08  Drone  
  36  4:20  Zergling x8  
  36  4:37  Zergling x8  
  36  4:38  Zergling x4  
  35  4:54  Queen  
  35  4:56  Queen  
  35  4:58  Queen  
  33  5:04  Zergling x10  
  33  5:05  Zergling x2  
  34  5:18  Extractor  
  33  5:21  Drone x2  
  33  5:22  Drone  
  36  5:31  Drone x3  
  36  5:32  Drone x3  
  42  5:42  Overlord  
  42  5:43  Overlord  
  42  5:57  Spine Crawler  
  42  6:00  Drone  
  42  6:01  Drone x2  
  42  6:02  Drone x2  
  46  6:11  Drone x2  
  46  6:12  Drone  
  46  6:13  Drone  
  46  6:14  Drone x2  
  46  6:18  Drone  
  47  6:26  Lair  
  47  6:28  Drone  
  47  6:30  Drone x4  
  52  6:34  Extractor  
  52  6:35  Extractor  
  52  6:37  Extractor  
  49  6:41  Drone x2  
  49  6:42  Drone x2, Extractor  
  52  6:47  Spore Crawler  
  52  6:50  Spore Crawler  
  52  6:52  Spine Crawler  
  49  6:54  Spore Crawler  
  49  6:57  Drone  
  49  6:58  Drone x2  
  49  7:00  Drone  
  49  7:01  Drone x2  
  54  7:04  Overlord  
  54  7:17  Overlord  
  54  7:18  Overlord  
  54  7:27  Spire  
  53  7:32  Drone x3  
  53  7:33  Drone x2  
  58  7:41  Hydralisk Den  
  58  7:42  Drone x3  
  60  7:46  Queen  
  60  7:47  Queen  
  64  7:51  Spore Crawler  
  64  7:57  Spore Crawler  
  62  7:59  Spore Crawler  
  62  8:00  Drone x3  
  62  8:02  Drone x3  
  62  8:03  Drone x3  
  70  8:08  Pneumatized Carapace  
  70  8:23  Drone x3  
  70  8:24  Drone  
  70  8:26  Muscular Augments  
  74  8:28  Hydralisk x3  
  82  8:35  Hydralisk  
  82  8:47  Drone x3, Hydralisk x2  
  82  8:49  Hydralisk  
  82  8:50  Hydralisk x2  
  80  9:00  Overlord x3  
  80  9:01  Overlord x3  
  62  9:23  Hydralisk x3  
  64  9:25  Drone x2  
  64  9:26  Drone x2  
  64  9:27  Drone x2  
  72  9:35  Queen x3  
  78  9:45  Hydralisk x2  
  71  10:18  Hydralisk x2  
  71  10:19  Hydralisk  
  71  10:20  Zergling x10  
  82  10:37  Spore Crawler  
  82  10:39  Overlord x6  
  81  10:48  Overlord x2  
  81  11:03  Drone  
  77  11:12  Zergling x12, Hydralisk  
  77  11:13  Hydralisk x3  
  77  11:14  Zergling x2  
  77  11:17  Overseer  
  92  11:45  Evolution Chamber  
  92  11:47  Hatchery  
  90  11:52  Evolution Chamber x2  
  88  11:55  Drone x3, Infestation Pit  
  88  11:57  Drone x2  
  88  11:58  Drone  
  88  12:00  Drone x2  
  95  12:01  Drone  
  95  12:05  Drone x3  
  98  12:21  Drone  
  98  12:22  Drone x2  
  93  12:25  Zerg Missile Weapons Level 1  
  93  12:26  Zerg Ground Armor Level 1  
  79  12:32  Spore Crawler  
  60  13:02  Hive  
  60  13:10  Hydralisk  
  60  13:11  Roach Warren, Hydralisk x7  
  75  13:21  Drone x2  
  77  13:33  Drone, Queen  
  80  13:45  Drone x4  
  80  13:47  Drone x3  
  80  13:48  Drone x4  
  91  13:51  Extractor, Hydralisk x2  
  91  13:53  Extractor  
  93  14:15  Drone x3  
  93  14:17  Drone x3  
  97  14:19  Hydralisk x4  
  97  14:20  Roach x2  
  97  14:21  Roach  
  97  14:22  Spine Crawler  
  112  14:24  Spore Crawler  
  112  14:26  Spine Crawler  
  112  14:28  Overlord x3  
  110  14:31  Overseer  
  110  14:32  Overseer x2  
  110  14:35  Roach x2  
  110  14:36  Roach  
  106  15:04  Roach x3, Hydralisk x4  
  106  15:05  Spine Crawler, Roach x2  
  106  15:06  Spine Crawler x3  
  119  15:10  Drone  
  119  15:11  Drone x2  
  122  15:25  Hydralisk  
  122  15:26  Hydralisk x6  
  126  15:48  Overlord  
  126  15:49  Overlord x4  
  124  15:52  Roach x3, Hydralisk x2  
  124  15:53  Roach x2  
  124  15:54  Roach  
  124  15:56  Ravager x2  
  144  15:57  Ravager x2  
  144  15:58  Overseer x2  
  144  16:06  Zerg Missile Weapons Level 2  
  144  16:13  Zerg Melee Weapons Level 1  
  144  16:18  Adrenal Glands  
  132  16:53  Ultralisk Cavern  
  79  17:03  Zergling x20  
  79  17:04  Zergling x22  
  92  17:43  Zergling x2  
  92  17:44  Zergling x24  
  82  18:08  Mutalisk x2  
  82  18:09  Mutalisk x10  
  106  18:14  Corruptor x4  
  106  18:15  Corruptor  
  106  18:17  Overlord  
  116  18:28  Mutalisk x3, Corruptor x4  
  116  18:29  Mutalisk  
  132  18:40  Mutalisk x6  
  127  19:09  Hydralisk x3  
  85  19:10  Hydralisk x4  
Show
View Real Time Build Order
Export as new Build Order

Kswiss Protoss 

Build Orders:  

Get SALT Encoding   

  12  0:02  Probe (Chrono Boost)  
  13  0:13  Probe (Chrono Boost)  
  14  0:22  Pylon  
  14  0:23  Probe (Chrono Boost)  
  15  0:40  Probe (Chrono Boost)  
  16  0:51  Probe (Chrono Boost)  
  17  0:57  Gateway  
  17  1:02  Forge  
  17  1:06  Assimilator  
  17  1:07  Probe (Chrono Boost)  
  18  1:18  Probe (Chrono Boost)  
  19  1:24  Pylon  
  19  1:28  Probe (Chrono Boost)  
  20  1:39  Probe (Chrono Boost)  
  21  1:49  Probe (Chrono Boost)  
  22  2:07  Cybernetics Core  
  22  2:13  Photon Cannon, Zealot (Chrono Boost)  
  23  2:22  Photon Cannon  
  23  2:25  Photon Cannon  
  23  2:30  Photon Cannon  
  23  2:34  Photon Cannon  
  23  2:39  Assimilator  
  23  2:42  Zealot (Chrono Boost)  
  25  3:10  Probe  
  26  3:17  Warp Gate (Chrono Boost)  
  26  3:22  Probe  
  26  3:23  Gateway  
  26  3:26  Gateway  
  25  3:28  Gateway  
  25  4:04  Protoss Ground Weapons Level 1 (Chrono Boost)  
  25  4:10  Robotics Facility  
  25  4:13  Photon Cannon  
  25  4:16  Pylon  
  25  4:36  Twilight Council  
  25  5:24  Stalker x2  
  25  5:25  Stalker x2  
  33  5:34  Blink (Chrono Boost)  
  33  5:44  Immortal  
  33  5:49  Dark Shrine  
  37  5:50  Protoss Ground Armor Level 1  
  37  5:51  Pylon  
  37  5:53  Pylon  
  37  6:06  Pylon  
  37  6:08  Pylon  
  37  6:11  Photon Cannon  
  37  6:14  Zealot  
  37  6:15  Zealot  
  37  6:17  Stalker  
  43  6:35  Nexus  
  43  6:40  Assimilator  
  39  7:23  Pylon  
  35  7:36  Stalker  
  35  7:37  Stalker x3  
  33  7:38  Pylon  
  37  7:45  Gateway  
  37  7:54  Gateway  
  37  8:15  Probe  
  38  8:20  Pylon  
  38  8:25  Probe  
  39  8:28  Dark Templar  
  41  8:36  Probe  
  42  8:46  Probe  
  43  8:57  Probe  
  44  9:07  Probe  
  45  9:16  Stalker x2  
  49  9:17  Stalker  
  49  9:18  Probe  
  49  9:20  Stalker x2  
  56  9:25  Stalker  
  56  9:28  Probe  
  59  9:45  Probe  
  59  9:51  Assimilator  
  60  9:56  Probe  
  61  10:06  Probe  
  62  10:17  Probe  
  63  11:01  Stalker x5  
  63  11:02  Stalker  
  75  11:05  Protoss Shields Level 1 (Chrono Boost)  
  75  11:07  Robotics Bay  
  75  11:36  Sentry  
  75  11:37  Sentry  
  79  11:52  Templar Archives  
  79  11:56  Pylon  
  79  11:59  Pylon  
  79  12:00  Pylon  
  79  12:08  Extended Thermal Lance  
  79  12:25  Stalker  
  79  12:26  Stalker x5  
  69  12:47  Protoss Ground Armor Level 2 (Chrono Boost)  
  45  13:12  Dark Templar  
  45  13:13  Dark Templar x2  
  51  13:38  Nexus  
  51  13:47  Immortal  
  55  13:58  Probe  
  56  14:09  Probe  
  56  14:10  Assimilator  
  56  14:11  Pylon  
  56  14:14  Assimilator  
  57  14:19  Probe  
  58  14:25  High Templar x2  
  58  14:27  High Templar x2, Immortal  
  58  14:30  Probe  
  70  14:31  Archon x2  
  71  14:40  Probe  
  72  14:46  Protoss Ground Weapons Level 2 (Chrono Boost)  
  72  14:51  Probe  
  72  14:57  Pylon  
  65  15:13  Stalker x2  
  60  15:15  Stalker  
  61  15:46  Probe  
  62  15:56  Probe  
  35  17:09  Pylon  
  30  18:05  Pylon  
  21  18:10  Pylon  
  13  18:17  Nexus  
  13  18:32  Stalker  
  13  18:33  Stalker x4  
  23  18:35  Stalker  
  25  19:04  Stalker x2  
Show
View Real Time Build Order
Export as new Build Order

samfurius Terran 

Build Orders: Cyclone Opening 

Get SALT Encoding   

  12  0:03  SCV  
  13  0:18  Supply Depot  
  13  0:20  SCV  
  14  0:28  Refinery  
  14  0:32  SCV  
  15  0:49  Barracks  
  15  0:51  SCV  
  16  1:03  SCV  
  17  1:08  Refinery  
  17  1:13  Supply Depot  
  17  1:15  SCV  
  18  1:34  SCV  
  19  1:46  SCV  
  20  1:47  Factory, Barracks Reactor  
  20  1:58  SCV  
  21  2:17  Orbital Command  
  21  2:33  Supply Depot  
  21  2:39  Barracks Reactor  
  21  2:41  Supply Depot  
  21  2:42  Cyclone  
  24  2:56  Bunker  
  23  3:01  Cyclone  
  23  3:05  SCV  
  27  3:27  Marine x2  
  27  3:32  Cyclone  
  18  3:48  Marine x2  
  19  3:50  SCV  
  21  4:19  Widow Mine x2  
  21  4:20  Factory  
  21  4:21  SCV, Barracks Reactor  
  26  4:34  SCV  
  27  5:22  SCV  
  27  5:28  Widow Mine  
  28  5:29  Marine x2  
  28  5:34  SCV  
  33  5:40  Widow Mine  
  35  5:46  SCV  
  35  5:47  Marine x2  
  38  5:54  Widow Mine  
  38  5:55  Widow Mine  
  42  5:58  SCV  
  43  6:05  Marine x2  
  43  6:10  SCV  
  46  6:22  SCV  
  47  6:45  Supply Depot  
  47  6:47  Supply Depot  
  47  6:50  Engineering Bay  
  47  7:06  Widow Mine x2, Marine x2  
  47  7:07  SCV  
  41  7:38  Missile Turret  
  41  7:39  Widow Mine x2  
  43  7:45  Missile Turret  
  43  7:47  Widow Mine  
  43  7:48  Widow Mine  
  43  7:49  Command Center  
  47  8:05  Supply Depot  
  47  8:15  Marine  
  47  8:19  Starport  
  44  8:59  Starport Reactor  
  42  9:03  Barracks, SCV  
  42  9:06  Orbital Command  
  43  9:10  Barracks  
  43  9:15  SCV  
  44  9:17  Supply Depot  
  44  9:27  SCV  
  45  9:38  Barracks  
  45  9:39  SCV  
  46  9:47  Terran Infantry Weapons Level 1  
  46  9:48  Barracks Tech Lab  
  46  9:51  SCV  
  46  9:52  SCV  
  48  10:00  Barracks Reactor x2  
  48  10:03  SCV  
  48  10:04  SCV  
  48  10:13  Viking  
  52  10:15  SCV  
  52  10:20  Widow Mine  
  52  10:21  Widow Mine  
  55  10:24  Stimpack  
  55  10:28  Medivac, SCV  
  58  10:38  Marine x4  
  58  10:39  Marine  
  58  10:41  SCV  
  64  10:42  Medivac  
  66  10:53  SCV  
  66  10:56  Marine x4  
  71  10:57  Marine  
  71  10:58  Viking  
  71  11:01  SCV  
  75  11:13  SCV  
  75  11:14  Marine x4  
  75  11:15  Marine  
  75  11:17  Refinery  
  81  11:25  SCV, Supply Depot  
  82  11:26  Supply Depot  
  82  11:31  Marine  
  82  11:32  Marine x3  
  86  11:33  Marine  
  87  11:49  Marine x2  
  89  12:01  Supply Depot  
  89  12:02  Marine x3  
  89  12:03  Supply Depot  
  89  12:06  Supply Depot  
  89  12:07  Marine x2  
  94  12:20  Marine x3  
  94  12:25  Marine x2  
  86  12:38  Marine x3  
  84  12:48  Liberator x2  
  69  13:06  Widow Mine x2  
  69  13:09  Supply Depot  
  69  13:11  Supply Depot  
  77  13:17  Marine  
  77  13:18  Marine x4  
  82  13:20  Starport  
  82  13:23  Refinery  
  82  13:35  Marine x2  
  84  13:43  Liberator x2, Supply Depot  
  84  13:44  Supply Depot  
  84  13:45  Terran Infantry Armor Level 1  
  84  13:55  Combat Shields  
  84  13:59  Factory Tech Lab  
  90  14:09  SCV  
  91  14:21  SCV, Marine x4  
  91  14:22  Marine  
  97  14:26  Liberator x2  
  97  14:32  Siege Tank  
  100  14:39  Marine x5  
  111  14:56  Marine  
  111  14:57  Marine x4  
  106  15:14  Marine x3  
  106  15:15  Medivac, Marine x2  
  106  15:16  Medivac  
  115  15:26  Medivac x2  
  119  15:32  Marine x3  
  119  15:33  Marine x2  
  124  15:50  Marine x4  
  124  15:51  Marine  
  124  15:56  Medivac x2  
  133  16:02  Medivac x2  
  137  16:08  Marine  
  138  16:14  Marine x4  
  138  16:16  Widow Mine x2  
  146  16:26  Medivac x2, Marine  
  146  16:32  Medivac, Marine x2  
  121  17:15  Marine  
  121  17:16  Marine x2  
  108  17:39  Widow Mine, Marine x3  
Tags
 
Add a new tag
Caveats
  • Supply blocks, unpowered buildings, or Contaminate may cause inaccurate times.
  • Supply counts are checked every 10 seconds.